 Dungeon Crawl Stone Soup version 0.31.0 (webtiles) character file.

Game seed: 18240942528730972643

121 apoch the Insei (level 5, -1/34 HPs)
             Began as an Octopode Shapeshifter on Jan 19, 2024.
             Slain by an ogre
             ... wielding a +0 giant club
              (30 damage)
             ... on level 4 of the Dungeon.
             The game lasted 00:07:39 (2483 turns).

apoch the Insei (Octopode Shapeshifter)             Turns: 2483, Time: 00:07:40

Health: -1/34      AC:  1    Str: 13    XL:     5   Next: 5%
Magic:  7/7        EV: 13    Int: 13    God:
Gold:   35         SH:  0    Dex: 13    Spells: 6/6 levels left

rFire   . .          .
                       - Unarmed
rCold   . . .        (no shield)
rNeg    . . .        (helmet currently unavailable)
rPois   +            (no amulet)
rElec   .            e - ring of poison resistance
rCorr   .            (no ring)
SInv    .            (no ring)
Will    .....        (no ring)
Stlth   +++          (no ring)
HPRegen 0.25/turn    (no ring)
MPRegen 0.10/turn    (no ring)
                     (no ring)

%: no passive effects
@: beast-form
A: beast (slay +1), almost no armour, amphibious, 8 rings, camouflage 1,
gelatinous body 1, (nimble swimmer 1), tentacles
a: Begin Untransformation


You were on level 4 of the Dungeon.
You were a hulking beast.
You visited 1 branch of the dungeon, and saw 4 of its levels.

You collected 35 gold pieces.

Inventory:

Missiles
 l - 4 javelins
Jewellery
 e - a ring of poison resistance (left tentacle)
Talismans
 b - a beast talisman (active)
 c - a flux talisman
Scrolls
 d - a scroll of teleportation
Potions
 a - a potion of lignification
 f - 4 potions of heal wounds
 i - 2 potions of brilliance {unknown}
 j - a potion of resistance {unknown}
 k - a potion of curing {unknown}


   Skills:
 + Level 2.1 Fighting
 + Level 2.7 Dodging
 + Level 2.2 Stealth
 + Level 3.5 Unarmed Combat
 + Level 1.4 Spellcasting
 + Level 3.3 Shapeshifting


You had 6 spell levels left.
You didn't know any spells.
Your spell library contained the following spells:

 Spells                   Type           Power      Damage    Failure   Level
 Summon Small Mammal      Summ           0%         N/A       26%         1
 Call Canine Familiar     Summ           0%         N/A       63%         3
 Tukima's Dance           Hex            0%         N/A       63%         3
 Passage of Golubria      Tloc           0%         N/A       95%         4
 Summon Blazeheart Golem  Fire/Summ      0%         N/A       95%         4
 Yara's Violent Unravell  Hex/Alch       0%         3d3       100%        5


Dungeon Overview and Level Annotations

Branches:
Dungeon (4/15)             Temple (0/1) D:4

Altars:
Gozag

Shops:
D:3 (


Innate Abilities, Weirdness & Mutations

You are a hulking beast.
Your limbs bulge with bestial killing power. (Slay +1)
You cannot wear most types of armour.
You are amphibious.
You can wear up to eight rings at the same time.
Your skin changes colour to match your surroundings (Stealth+).
Your rubbery body absorbs attacks. (AC +1, EV +1)
((You are camouflaged when in or above water. (Stealth+)))
You have tentacles for arms and can constrict up to eight enemies at once.


Message History

You now have 32 gold pieces (gained 14).
Found a dagger.
You see here a +0 dagger.
You see here a +0 hand axe.
You now have 35 gold pieces (gained 3).
Done exploring.
Done exploring.
What level of the Dungeon? (default 3, ? - help)
There is a stone staircase leading down here.
You climb downwards.
Found a pair of gloves.
There is a stone staircase leading up here.
As you read the scroll labelled BODACZ WIUBBAO, it crumbles to dust.
You feel aware of your surroundings.
You sensed 4 altars.
It was a scroll of revelation.
An orc wizard and an orc come into view.
An orc comes into view. It is wielding a +0 whip.
The orc moves out of view.
You see here a +0 pair of gloves.
Found an opulent altar of Gozag.
There is a stone staircase leading up here.
Found 15 gold pieces.
Found a scimitar.
Found an opulent altar of Gozag.
An orc comes into view. It is wielding a +2 dagger of pain.
An orc wizard and an orc come into view.
The orc wizard shouts!
An orc comes into view. It is wielding a +0 mace.
The orc shouts! x3; You hear a shout!
An ogre comes into view. It is wielding a +0 giant club.
The orc wizard gestures at you while chanting.
You are confused.
You're too confused to move!
A ball python comes into view.
You feel less confused. The orc wizard casts a spell at you.
The magic dart hits you.
The ogre hits you with a +0 giant club!!
Ouch! That really hurt!
You die...

*++****,,,****#....**#.#,..## *,,
,,,,,,##.........#.###.##...#**.,
,,,,,..#####...#.#........#.#...,
,**,,...##....##.##..$..........,
,**,,....##.#.....#.............,
,**,,.....####..#........#..o...,
,**,,......#...##...............,
****,......#..##.O..o..#........,
* **......#.<..h.oo............,
*####..#[.##...o.....#......,
*####..#.#######...#........, *
**......#..######..)........,,
****,......##..##8...._...(8,,,,,
,**,,......###.#....8...8...,,,,,
,**,,.....##.......⌠≈≈≈≈≈⌠.,,,***
,**,,....###o.o...8≈#*###≈8,,****
,**,,...####.o.....≈*,,,*~,,,,,,,


You could see an ogre, an orc wizard and 3 orcs.

Vanquished Creatures
  An orc wizard (D:3)
  3 adders
  3 dart slugs
  4 orcs (D:3)
  2 ball pythons
  6 endoplasms
  4 giant cockroaches (D:1)
  6 hobgoblins
  8 jackals
  4 kobolds
  2 quokkas
  3 bats
  4 frilled lizards
  7 rats
57 creatures vanquished.

Notes
Turn   | Place    | Note
-------+----------+-------------------------------------------
     0 | D:1      | apoch the Octopode Shapeshifter began the quest for the
                  | Orb.
     0 | D:1      | Reached XP level 1. HP: 13/13 MP: 1/1
   140 | D:1      | Reached XP level 2. HP: 18/18 MP: 2/2
   169 | D:1      | Reached skill level 1 in Stealth
   446 | D:1      | Reached XP level 3. HP: 19/23 MP: 3/3
   959 | D:2      | Reached skill level 1 in Spellcasting
  1659 | D:3      | Reached XP level 4. HP: 29/29 MP: 5/5
  1994 | D:3      | Found Astriymu's Antique Weapon Boutique.
  2057 | D:3      | Reached XP level 5. HP: 34/34 MP: 7/7
  2453 | D:4      | Found an opulent altar of Gozag.
  2462 | D:4      | Found an opulent altar of Gozag.
  2472 | D:4      | Noticed an ogre
  2483 | D:4      | Slain by an ogre

Illustrated notes

Levels and vault maps discovered:
D:1:      onia_arrival_pentagram, layout_basic, nicolae_twisty_statue_hallways
D:2:      layout_basic, hangedman_decor_points
D:3:      layout_loops_ring, serial_shops, nicolae_shop_trees
D:4:      layout_rooms, nicolae_gozag_conspicuous_consumption,
          minmay_temple_entry_glassed_door, serial_park_tiny_pond,
          kennysheep_cross_room, corexii_corridor_pit,
          hangedman_decor_diamond_cutter

Skill      XL: |  1  2  3  4 |
---------------+-------------+-----
Stealth        | 1 2 |  2.2
Spellcasting   | 1 |  1.4
Fighting       | 2 |  2.1
Dodging        | |  2.7
Unarmed Combat | |  3.5
Shapeshifting  | |  3.3

Action                     |  1- 3 |  4- 6 || total
---------------------------+-------+-------++-------
  Melee: Unarmed           |    62 |    28 ||    90
         Constrict         |    18 |     7 ||    25
         Tentacles         |     8 |    10 ||    18
         Punch             |     2 |       ||     2
  Throw: Stone             |     3 |       ||     3
         Boomerang         |     2 |     4 ||     6
    Use: Scroll            |     3 |     1 ||     4
   Stab: Sleeping          |    11 |     4 ||    15
 Armour: Skin              |    13 |     9 ||    22
  Dodge: Dodged            |    30 |    12 ||    42
   Form: Beast             |     1 |       ||     1
